 Dungeon Crawl Stone Soup version 0.27.0-1-g7a089689b8 (webtiles) character file.

Game seed: 16492613294804353120

8308 EnegeticOcto the Cleaver (level 11, 91/99 HPs)
             Began as a Deep Dwarf Fighter on Aug 2, 2021.
             Was an Initiate of Gozag.
             Quit the game on level 9 of the Dungeon.
             The game lasted 00:04:17 (7565 turns).

EnegeticOcto the Cleaver (Deep Dwarf Fighter)       Turns: 7565, Time: 00:04:17

Health: 91/99      AC: 11    Str: 22    XL:     11   Next: 8%
Magic:  8/8        EV: 13    Int: 10    God:    Gozag
Gold:   495        SH: 11    Dex: 12    Spells: 23/23 levels left

rFire    . . .     SeeInvis +   B - +2 hand axe (distort)
rCold    . . .     Faith    .   c - +0 kite shield
rNeg     . . .     Spirit   .   d - +2 swamp dragon scales
rPois    +         Reflect  .   (no helmet)
rElec    .         Harm     .   (no cloak)
rCorr    .         Rampage  .   (no gloves)
Will     +....                  (no boots)
Stlth    +.........             (no amulet)
HPRegen  0.00/turn              h - +4 ring of evasion
MPRegen  0.11/turn              A - ring of see invisible

@: no status effects
A: damage resistance, heal wounds, sense surroundings 2, no regeneration
a: Heal Wounds, Renounce Religion, Potion Petition, Call Merchant, Bribe Branch


You were on level 9 of the Dungeon.
You worshipped Gozag.
Gozag was aware of your devotion.
You visited 2 branches of the dungeon, and saw 10 of its levels.

You collected 1178 gold pieces.
You spent 620 gold pieces at shops.
You paid 63 gold pieces to Gozag.

Inventory:

Hand Weapons
 a - a +0 war axe
 B - a +2 hand axe of distortion (weapon)
Armour
 b - a +0 scale mail
 c - a +0 kite shield (worn)
 d - +2 swamp dragon scales (worn)
Jewellery
 h - a +4 ring of evasion (left hand)
 j - a ring of protection from fire
 A - a ring of see invisible (right hand)
 D - an amulet of the acrobat
Wands
 t - a wand of polymorph (7)
 u - a wand of acid (16) {@v1}
 x - a wand of digging (6) {@v3}
 E - a wand of mindburst (14)
Scrolls
 e - 2 scrolls of summoning {unknown}
 f - 3 scrolls of enchant weapon {unknown}
 g - 6 scrolls of identify {unknown}
 k - a scroll of immolation {unknown}
 m - 3 scrolls of teleportation {unknown}
 p - 5 scrolls of fear {unknown}
 q - a scroll of blinking {unknown}
 v - a scroll of silence {unknown}
 y - 2 scrolls of acquirement {unknown}
 z - a scroll of vulnerability {unknown}
 C - a scroll of torment {unknown}
 F - a scroll of holy word {unknown}
Potions
 i - 3 potions of brilliance {unknown}
 l - 4 potions of curing {unknown}
 n - 2 potions of flight {unknown}
 o - a potion of attraction {unknown}
 r - 4 potions of heal wounds {@q2}
 s - a potion of haste {unknown}
 w - a potion of mutation {unknown}


   Skills:
 + Level 6.8 Fighting
 * Level 10.5 Axes
 + Level 8.1 Armour
 + Level 8.1 Shields
 * Level 6.9 Spellcasting


You had 23 spell levels left.
You didn't know any spells.
Your spell library was empty.

Dungeon Overview and Level Annotations

Branches:
Dungeon (9/15)             Temple (1/1) D:5            Lair (0/6) D:8
    Orc: D:9-12

Altars:
Ashenzari
Cheibriados
Dithmenos
Elyvilon
Gozag
Hepliaklqana
Kikubaaqudgha
Makhleb
Nemelex Xobeh
Qazlal
Ru
Sif Muna
Vehumet
Wu Jian
Xom
Yredelemnul
Zin

Shops:
D:4 [

Annotations:
D:8 3 runed translucent doors


Innate Abilities, Weirdness & Mutations

You are resistant to damage.
You can heal yourself by infusing magical energy.
You passively map the area around you.
You do not regenerate.


Message History

You now have 441 gold pieces (gained 6).
You now have 466 gold pieces (gained 25).
Things that are here:
a +0 spear of venom; a +0 animal skin You now have 471 gold pieces (gained 5).
A wight comes into view. It is wielding a +0 war axe.
The wight moves out of view.
A wight is nearby!
A wight is nearby!
A wight is nearby!
A wight is nearby! 3 wights come into view.
There are monsters nearby!
There are monsters nearby!
You hit the wight.
Space warps horribly around the wight!!
You destroy the wight!
You hit the wight but do no damage. You block the wight's attack.
You hit the wight.
The wight is lightly damaged.
The wight closely misses you.
You hit the wight.
The wight is moderately damaged.
A wight comes into view. It is wielding a +0 dagger.
You block the wight's attack.
You barely miss the wight.
The wight is moderately damaged.
You hit the wight but do no damage.
Space warps horribly around the wight!!
You destroy the wight!
The wight is distracted by your dazzling golden aura.
The wight barely misses you.
You barely miss the wight.
The wight is moderately damaged.
You slash the wight!
Space bends around the wight.
You block the wight's attack.
You hit the wight.
Space bends around the wight.
You destroy the wight!
You hit the wight. The wight barely misses you.
You feel your intelligence returning.
You closely miss the wight.
The wight is heavily damaged.
The wight is no longer distracted by gold.
The wight closely misses you.
You hit the wight.
The wight is severely damaged.
You closely miss the wight.
The wight is severely damaged.
You block the wight's attack.
You slash the wight!
You destroy the wight!
Items here: $ ))) [[[.
You hit the wight.
The wight is heavily damaged.
The wight blinks!
You hit the wight but do no damage.
Space warps horribly around the wight!
You destroy the wight!
No target in view!
You now have 484 gold pieces (gained 13).
Items here: ))) [[[.
You now have 490 gold pieces (gained 6).
Things that are here:
a +0 war axe; a +0 robe You now have 495 gold pieces (gained 5).
Things that are here:
a +0 dagger; a +0 robe
Items here: ))) [[[.
Things that are here:
a +0 giant club; a +0 robe
m - 3 scrolls labelled KEDIESOOTI (gained 1)
You enter the shallow water.
Moving in this stuff is going to be slow.
You enter the shallow water.
Moving in this stuff is going to be slow.
You enter the shallow water.
Moving in this stuff is going to be slow.
There is a stone staircase leading up here.
You see here a +0 scimitar of electrocution.
You enter the shallow water.
Moving in this stuff is going to be slow.
Done exploring.
No target in view!
No target in view!
No target in view!
No target in view!
No target in view!
No target in view!
Done exploring.
Done exploring.
No target in view!
No target in view!
No target in view!
No target in view!
No target in view!
Done exploring.
Done exploring.
Done exploring.
Done exploring.
Done exploring.
Done exploring.
Done exploring.
Are you sure you want to abandon this character and quit the game? (Confirm with "yes".)

#.# #............#
#.######............##
#.....................
#..........)..........
#########...#########.
###...####.# #.
#≈≈≈≈≈≈≈≈#.# #.
###...####.# #.
##@###...# #.
####..###...#########.
#............)........
#........######.######
#........# #.# #
#........# #.# #
#........# #.# #
#........######.######
#.....................


There were no monsters in sight!

Vanquished Creatures
  Erolcha (D:9)
  Pikel (D:7)
  2 trolls
  Grinder (D:6)
  5 yaks (D:7)
  A wraith (D:9)
  6 wyverns
  A steam dragon (D:6)
  Grum (D:9)
  Menkaure (D:4)
  6 water moccasins (D:8)
  A sky beast (D:6)
  6 black bears
  2 orc warriors
  2 ogres
  3 wolves
  4 centaurs
  A lemure (D:7)
  2 phantoms
  3 bullfrogs
  A gnoll sergeant (D:5)
  A scorpion (D:5)
  2 wyvern zombies
  6 killer bees (D:8)
  A water moccasin skeleton (D:5)
  5 wights (D:9)
  A howler monkey (D:6)
  A centaur zombie (D:5)
  A gnoll shaman (D:8)
  5 orc priests
  4 hounds
  2 jellies
  2 centaur skeletons
  2 bullfrog skeletons (D:5)
  4 iguanas
  7 orc wizards
  2 killer bee zombies (D:6)
  A hound zombie (D:5)
  A hound skeleton (D:5)
  A howler monkey skeleton (D:7)
  12 gnolls
  6 adders
  A white imp (D:8)
  2 ufetubi (D:5)
  A worm (D:2)
  A dart slug (D:2)
  24 orcs
  10 endoplasms
  4 giant cockroaches
  8 goblins
  3 hobgoblins
  7 jackals
  A quokka (D:4)
  8 ball pythons
  5 bats
  2 frilled lizards (D:2)
  2 kobolds
  5 rats
202 creatures vanquished.

Vanquished Creatures (others)
  7 fungi
  24 plants
31 creatures vanquished.

Grand Total: 233 creatures vanquished

Notes
Turn   | Place    | Note
-------+----------+-------------------------------------------
     0 | D:1      | EnegeticOcto the Deep Dwarf Fighter began the quest for the
                  | Orb.
     0 | D:1      | Reached XP level 1. HP: 20/20 MP: 1/1
     2 | D:1      | Noticed a vampire
     2 | D:1      | Noticed a minotaur
     4 | D:1      | Noticed an elf
     4 | D:1      | Noticed an ogre
     6 | D:1      | Noticed a palentonga
     6 | D:1      | Noticed a troll
     8 | D:1      | Noticed a demigod
     8 | D:1      | Noticed a tengu
    10 | D:1      | Noticed a ghoul
    12 | D:1      | Noticed a demonspawn
    12 | D:1      | Noticed a draconian
    14 | D:1      | Noticed a felid
    14 | D:1      | Noticed a spriggan
    16 | D:1      | Noticed a djinni
    16 | D:1      | Noticed an octopode
    18 | D:1      | Noticed a dwarf
    20 | D:1      | Noticed a formicid
    20 | D:1      | Noticed a merfolk
    22 | D:1      | Noticed a barachi
    22 | D:1      | Noticed a vine stalker
    24 | D:1      | Noticed a human
    26 | D:1      | Noticed a gargoyle
    26 | D:1      | Noticed a naga
    99 | D:1      | Found a faded altar of an unknown god.
   109 | D:1      | Became a worshipper of Sif Muna the Loreminder
   109 | D:1      | Reached * piety under Sif Muna
   110 | D:1      | Fell from the grace of Sif Muna
   254 | D:1      | Reached XP level 2. HP: 18/27 MP: 2/2
  1011 | D:2      | Reached skill level 3 in Axes
  1053 | D:2      | Reached XP level 3. HP: 20/33 MP: 3/3
  1805 | D:3      | Reached XP level 4. HP: 42/42 MP: 3/3
  2018 | D:3      | Reached skill level 4 in Axes
  2018 | D:3      | Reached XP level 5. HP: 46/49 MP: 3/3
  2189 | D:3      | Found a glowing silver altar of Zin.
  2322 | D:3      | Noticed a centaur
  2330 | D:3      | Killed a centaur
  2446 | D:4      | Reached XP level 6. HP: 26/56 MP: 4/4
  2651 | D:4      | Found Bepy's Armour Emporium.
  2684 | D:4      | Noticed Menkaure
  2704 | D:4      | Killed Menkaure
  2705 | D:4      | Reached skill level 5 in Axes
  3020 | D:5      | Entered Level 5 of the Dungeon
  3031 | D:5      | Reached skill level 1 in Spellcasting
  3031 | D:5      | Reached XP level 7. HP: 45/64 MP: 1/3
  3077 | D:5      | Reached skill level 5 in Armour
  3093 | D:5      | Reached skill level 5 in Shields
  3139 | D:5      | Reached skill level 6 in Axes
  3215 | D:5      | Reached XP level 8. HP: 30/73 MP: 6/6
  3445 | D:5      | Reached skill level 7 in Axes
  3660 | D:5      | Found a staircase to the Ecumenical Temple.
  3978 | Temple   | Entered the Ecumenical Temple
  4083 | Temple   | Became a worshipper of Gozag Ym Sagoz the Greedy
  4168 | D:6      | Noticed Grinder
  4178 | D:6      | Killed Grinder
  4203 | D:6      | Reached skill level 5 in Fighting
  4394 | D:6      | Gained mutation: You passively map the area around you.
                  | [Deep Dwarf growth]
  4394 | D:6      | Reached XP level 9. HP: 72/81 MP: 9/9
  4660 | D:6      | Reached skill level 8 in Axes
  4835 | D:7      | Identified the +5 trident of the Six Planets {distort,
                  | rElec rC+}
  4881 | D:7      | Noticed Pikel
  4904 | D:7      | Killed Pikel
  5123 | D:7      | Reached skill level 5 in Spellcasting
  5143 | D:7      | Reached skill level 9 in Axes
  5267 | D:7      | Noticed a troll
  5287 | D:7      | Killed a troll
  5288 | D:7      | Reached XP level 10. HP: 36/91 MP: 9/9
  5826 | D:4      | Bought +2 swamp dragon scales for 620 gold pieces
  6062 | D:8      | Found a staircase to the Lair.
  6150 | D:8      | Found a runed translucent gate.
  6164 | D:8      | Found a runed translucent gate.
  6168 | D:8      | Found a runed translucent gate.
  6168 | D:8      | Noticed a brown very ugly thing
  6169 | D:8      | Noticed a brown ugly thing
  6363 | D:8      | Reached skill level 10 in Axes
  6398 | D:8      | Noticed a cyan ugly thing
  6398 | D:8      | Noticed a cyan ugly thing
  6399 | D:8      | Noticed a cyan ugly thing
  6683 | D:9      | Noticed Erolcha
  6694 | D:9      | Killed Erolcha
  6985 | D:9      | Was forgiven by Sif Muna
  7193 | D:9      | Noticed Grum
  7207 | D:9      | Reached XP level 11. HP: 65/99 MP: 8/8
  7217 | D:9      | Killed Grum
  7565 | D:9      | Quit the game

Illustrated notes

Levels and vault maps discovered:
D:1:      kb_arrival_jail, layout_basic,
          shapermc_ecumenical_altar_mp_urbaneastern, minmay_misc_feat_roman,
          kennysheep_decorative_pillar
D:2:      layout_basic, serial_curves, eino_curves_01, eino_curves_01
D:3:      minmay_wonky_spiral, layout_basic, marbit_many_paths,
          corexii_hall_statues_t, serial_bayou_crossing
D:4:      layout_loops_ring, serial_shops, shop, uniq_menkaure
D:5:      layout_gridville, minmay_temple_entry_tees, hangedman_minor_gate_pass
D:6:      layout_basic, minmay_misc_feat_ornament, uniq_grinder
D:7:      layout_basic, st_stairs_9, uniq_pikel
D:8:      layout_loops_ring, minmay_lair_entry_grove,
          ploomutoo_gammafunk_ghost_potion_laboratory, grunt_ministairs_10
D:9:      layout_small_grid, serial_rivers, chequers_serial_rivers_micro_a,
          chequers_serial_rivers_small_a, chequers_serial_rivers_micro_a,
          chequers_serial_rivers_marsh, chequers_serial_rivers_micro_b,
          chequers_serial_rivers_micro_e, uniq_erolcha, uniq_grum
Temple:   kilobyte_greek_temple

Skill      XL: |  1  2  3  4  5  6  7  8  9 10 |
---------------+-------------------------------+-----
Axes           | 3 4 5 6 7 9 10 | 10.5
Fighting       | 3 4 5 6 |  6.8
Armour         | 4 5 6 7 8 |  8.1
Shields        | 4 5 6 7 8 |  8.1
Spellcasting   | 1 2 3 5 6 |  6.9

Action                   |  1- 3 |  4- 6 |  7- 9 | 10-12 || total
-------------------------+-------+-------+-------+-------++-------
Melee: War axe           |    91 |   129 |   334 |   249 ||   803
       Hand axe          |       |       |       |    43 ||    43
Invok: Renounce Religion |     1 |       |       |       ||     1
 Abil: Heal Wounds       |     2 |    15 |    21 |    18 ||    56
Evoke: Wand              |       |       |       |     2 ||     2
  Use: Potion            |       |       |     1 |       ||     1
 Stab: Distracted        |       |       |       |     2 ||     2
Armor: Scale mail        |    35 |    83 |   147 |    14 ||   279
       Swamp dragon scal |       |       |       |   113 ||   113
Dodge: Dodged            |    24 |    59 |   140 |   184 ||   407
Block: Kite shield       |    37 |    99 |   229 |   224 ||   589
